 Dungeon Crawl Stone Soup version 0.30-a0-652-gcc886f7154 (webtiles) character file.

Game seed: 13805358375363472822

35760 rogsnak the Stormcaller (level 13, -6/65 HPs)
             Began as a Tengu Air Elementalist on Jan 17, 2023.
             Was an Elder of Sif Muna.
             Mangled by a jiangshi (19 damage)
             ... on level 13 of the Dungeon on Jan 18, 2023.
             The game lasted 01:21:35 (19837 turns).

rogsnak the Stormcaller (Tengu Air Elementalist)   Turns: 19837, Time: 01:21:36

Health: -6/65      AC: 14    Str:  8    XL:     13   Next: 85%
Magic:  15/31      EV: 14    Int: 24    God:    Sif Muna [****..]
Gold:   1429       SH:  3    Dex: 15    Spells: 10/38 levels left

rFire   + + +      SeeInvis +    Q - +4 sling "Rummage" {speed, SInv}
rCold   . . .      Faith    .    C - +0 buckler
rNeg    . . .      Spirit   .    E - +3 troll leather armour {Snorg}
rPois   +          Reflect  .    (helmet restricted)
rElec   +          Harm     .    q - +2 cloak
rCorr   .          Rampage  .    (no gloves)
Will    .....                    (boots unavailable)
Stlth   ++                       (no amulet)
HPRegen 1.10/turn                J - +4 ring of protection
MPRegen 0.22/turn                f - ring of Linearity {*Slow rElec rPois rF+++ Int+3}

@: flying quickly and evasively, quick
A: beak, talons 3, nimble flight
a: Renounce Religion, Channel Magic, Forget Spell, Divine Exegesis


You were on level 13 of the Dungeon.
You worshipped Sif Muna.
Sif Muna was greatly pleased with you.
You visited 1 branch of the dungeon, and saw 13 of its levels.
You also visited: Bailey.

You collected 1429 gold pieces.

Inventory:

Hand Weapons
 s - a +2 whip of venom
 M - the +4 sling "Ethraa" {flame, rElec rN++ Int+4}
   (You found it on level 5 of the Dungeon)

   Int:       It affects your intelligence (+4).
   rElec:     It insulates you from electricity.
   rN:        It greatly protects you from negative energy.
 O - a +3 vampiric demon trident
 Q - the +4 sling "Rummage" (weapon) {speed, SInv}
   (You found it on level 5 of the Dungeon)

   SInv:      It lets you see invisible.
 U - a +5 morningstar of freezing
Missiles
 r - 3 throwing nets
Armour
 m - a +3 leather armour of fire resistance
 q - a +2 cloak (worn)
 C - a +0 buckler (worn)
 D - +0 acid dragon scales
 E - a +3 troll leather armour (worn) {Snorg}
 V - +0 ice dragon scales
Magical Staves
 x - a staff of air
Jewellery
 f - the ring of Linearity (right hand) {*Slow rElec rPois rF+++ Int+3}
   (You acquired it on level 11 of the Dungeon)

   [ring of poison resistance]

   Int:       It affects your intelligence (+3).
   rF:        It renders you almost immune to fire.
   rElec:     It insulates you from electricity.
   rPois:     It protects you from poison.
   *Slow:     It may slow you when you take damage.
 t - a ring of positive energy
 y - a ring of ice
 J - a +4 ring of protection (left hand)
 K - a +6 ring of intelligence
 W - a ring of wizardry
 X - a ring of willpower
 Y - a +5 ring of evasion
Wands
 G - a wand of quicksilver (2)
 P - a wand of flame (12)
 T - a wand of roots (19)
 Z - a wand of mindburst (4)
Scrolls
 d - a scroll of torment
 e - 7 scrolls of teleportation {unknown}
 i - a scroll of poison
 j - 7 scrolls of fog
 k - 9 scrolls of fear {unknown}
 l - 2 scrolls of blinking {unknown}
 n - 3 scrolls of amnesia
 o - 2 scrolls of magic mapping
 u - 6 scrolls of immolation
 F - 2 scrolls of brand weapon
 H - 3 scrolls of summoning
 I - 6 scrolls of enchant weapon {unknown}
 R - 2 scrolls of enchant armour
Potions
 a - a potion of might
 b - a potion of magic
 c - 5 potions of curing
 g - 6 potions of degeneration {unknown}
 h - 2 potions of brilliance
 p - a potion of berserk rage
 v - 6 potions of heal wounds
 w - 5 potions of flight {unknown}
 z - 6 potions of haste {unknown}
 A - 4 potions of mutation {unknown}
 B - 4 potions of resistance {unknown}
 L - a potion of ambrosia
 N - a potion of invisibility
 S - 2 potions of cancellation


   Skills:
 + Level 1.4 Fighting
 + Level 3.2 Armour
 + Level 3.8 Dodging
 - Level 2.0 Stealth
 + Level 13.3 Spellcasting
 + Level 14.7 Conjurations
 + Level 2.8 Fire Magic
 - Level 1.0 Ice Magic
 + Level 17.7 Air Magic
 + Level 0.9 Evocations


You had 10 spell levels left.
You knew the following spells:

 Your Spells              Type           Power      Damage    Failure   Level
a - Shock                 Conj/Air       100%       1d9       0%          1
b - Airstrike             Air            39%        2d(6-22)  1%          4
c - Mephitic Cloud        Conj/Pois/Air  61%        N/A       1%          3
d - Sticky Flame          Conj/Fire      55%        2d7       1%          4
e - Freezing Cloud        Conj/Ice/Air   31%        6-21      1%          5
f - Iskenderun's Battles  Conj           72%        2d12      1%          5
g - Iron Shot             Conj/Erth      25%        9d5       47%         6

Your spell library contained the following spells:

 Spells                   Type           Power      Damage    Failure   Level
 Static Discharge         Conj/Air       100%       2-7/arc   0%          2
 Swiftness                Air            79%        N/A       0%          3
 Magic Dart               Conj           100%       1d8       1%          1
 Kindle Blastsparks       Fire/Tloc/Air  98%        2d18      1%          3
 Silence                  Hex/Air        28%        N/A       5%          5
 Necrotise                Necr           64%        1d7       7%          1
 Summon Small Mammal      Summ           64%        N/A       7%          1
 Ensorcelled Hibernation  Hex/Ice        36%        N/A       9%          2
 Call Imp                 Summ           16%        N/A       11%         2
 Passwall                 Tmut/Erth      13%        N/A       11%         2
 Inner Flame              Hex/Fire       22%        N/A       12%         3
 Ignite Poison            Fire/Tmut/Pois 20%        N/A       14%         3
 Call Canine Familiar     Summ           16%        N/A       22%         3
 Summon Guardian Golem    Hex/Summ       16%        N/A       22%         3
 Vampiric Draining        Necr           16%        2d7       22%         3
 Animate Armour           Summ/Erth      32%        N/A       56%         4
 Animate Dead             Necr           16%        N/A       56%         4
 Cause Fear               Hex            8%         N/A       56%         4
 Passage of Golubria      Tloc           16%        N/A       56%         4
 Agony                    Necr           16%        N/A       89%         5
 Blade Hands              Tmut           8%         N/A       89%         5
 Borgnjor's Vile Clutch   Necr/Erth      8%         N/A       89%         5
 Summon Forest            Summ/Tloc      8%         N/A       89%         5
 Summon Mana Viper        Hex/Summ       16%        N/A       89%         5
 Spellforged Servitor     Conj/Summ      25%        N/A       96%         7
 Death Channel            Necr           8%         N/A       100%        6
 Summon Cactus Giant      Summ           8%         N/A       100%        6
 Haunt                    Necr/Summ      8%         N/A       100%        7
 Discord                  Hex            8%         N/A       100%        8
 Ignition                 Fire           14%        3d6       100%        8
 Infestation              Necr           8%         N/A       100%        8
 Lehudib's Crystal Spear  Conj/Erth      25%        10d7      100%        8


Dungeon Overview and Level Annotations

Branches:
Dungeon (13/15)            Temple (0/1) D:7            Lair (0/5) D:9
    Orc (0/2) D:10         Bailey (visited)
 Vaults: D:13-14

Altars:
Cheibriados
Elyvilon
Gozag
Hepliaklqana
Kikubaaqudgha
Nemelex Xobeh
Okawaru
Sif Muna
Trog
Vehumet
Xom
Yredelemnul
Zin
The Shining One

Shops:
D:7 *(

Portals:
Trove: D:10 (show abyssal rune of Zot)

Annotations:
D:5 1 runed translucent door, bmack86's ghost, novice MiFi
D:10 abyssal rune vault
D:11 exclusion: obsidian statue
D:12 exclusions: obsidian statue and orange crystal statue


Innate Abilities, Weirdness & Mutations

You have a beak for a mouth.
You have claws for feet.
Your magical nature lets you fly swiftly and evasively.


Message History

The grasping roots constrict the jiangshi!
The jiangshi escapes!
The vampire struggles to escape constriction.
Unknown command.
Unknown command.
The grasping roots constrict the vampire.
The jiangshi burns!
The jiangshi claws you!
The jiangshi draws strength from your injuries!
The jiangshi claws you but does no damage.
Casting: Sticky Flame (dangerous; 1% risk of failure)
Confirm with . or Enter, or press ? or * to list all spells.
Aiming: Airstrike (safe; 1% risk of failure)
Press: ? - help, Dir - move target, f/p - jiangshi
Aim: a jiangshi (moderately damaged, covered in liquid flames, ally target, empty space bonus: 7/8)
The air twists around and strikes the jiangshi!
The jiangshi is heavily damaged.
The grasping roots constrict the vampire.
The roots release their grip on the vampire.
The jiangshi burns!
The jiangshi claws you!
The jiangshi draws strength from your injuries!
The jiangshi claws you but does no damage.
The jiangshi claws you!
The jiangshi draws strength from your injuries!
The jiangshi completely misses you.
Unknown command.
Unknown command.
Casting: Airstrike (safe; 1% risk of failure)
Confirm with . or Enter, or press ? or * to list all spells.
Aiming: Airstrike (safe; 1% risk of failure)
Press: ? - help, Dir - move target, f/p - jiangshi
Aim: a jiangshi (heavily damaged, covered in liquid flames, ally target, empty space bonus: 7/8)
The air twists around and strikes the jiangshi!
The jiangshi is heavily damaged.
The jiangshi burns!
The jiangshi claws you.
The jiangshi draws strength from your injuries!
The jiangshi closely misses you. The jiangshi claws you!
* * * LOW HITPOINT WARNING * * *
The jiangshi draws strength from your injuries!
The jiangshi claws you!!
You die...

.......# #........# #.......####
#'###### #####'#### #.......#
#.# #.)# ######### #.# ####.##
..# #....# '###### ##'########
## ......# #.........# .'
......####....*...|#### V#
....>.#..+......@VV.(.# .#
......#.##.........##'###.#####'
......'.##.........##..V'.V.....
......####.........####'###'###'
......# ##+######## #(# ####'##
#.## ### #....# #..# ######
..#### ##.# #....# .## #.#
#.####


You could see a jiangshi (burning, ally target), a vampire and a friendly
battlesphere.

Vanquished Creatures
  Kirke (D:13)
  Snorg (D:12)
  A jiangshi (D:13)
  2 ice dragons (D:11)
  Harold (D:10)
  2 vault guards (Bailey)
  2 centaur warriors (D:13)
  A hydra (D:13)
  A catoblepas (D:13)
  8 two-headed ogres
  A two-headed ogre (shapeshifter) (D:11)
  2 boulder beetles (D:11)
  A skeletal warrior (D:11)
  An ugly thing (D:13)
  8 cyclopes
  6 manticores
  3 unseen horrors
  A gargoyle (D:11)
  A freezing wraith (D:11)
  A yaktaur (D:11)
  2 kobold demonologists (D:11)
  An efreet (D:13)
  2 komodo dragons
  A hornet (D:8)
  3 trolls
  Prince Ribbit (Bailey)
  12 slime creatures (D:12)
  A shadow (D:12)
  3 yaks (D:11)
  4 vampires
  3 wyverns
  Eustachio (D:5)
  A basilisk (D:11)
  A steam dragon (D:7)
  5 hogs (D:13)
  4 vampire mosquitoes (D:13)
  4 humans (Bailey)
  3 acid dragons (D:11)
  A water moccasin (D:7)
  4 ice beasts
  5 orc warriors
  6 centaurs
  An ogre (D:5)
  6 kobold brigands
  17 bullfrogs
  5 gnoll sergeants
  2 scorpions
  13 wights
  A killer bee (D:11)
  5 electric eels (D:9)
  7 howler monkeys
  3 hounds
  4 jellies
  9 orc priests
  4 iguanas
  5 orc wizards
  10 adders
  26 gnolls
  2 shadow imps (D:6)
  2 white imps
  4 worms
  A dart slug (D:3)
  32 orcs
  10 bats
  4 endoplasms
  5 giant cockroaches
  12 goblins
  6 hobgoblins
  A quokka (D:4)
  11 ball pythons
  2 frilled lizards
  25 kobolds
  3 rats
351 creatures vanquished.

Vanquished Creatures (others)
  A human (D:13)
  5 demonic plants (D:3)
  3 fungi (D:3)
  3 plants (D:3)
  4 withered plants
16 creatures vanquished.

Grand Total: 367 creatures vanquished

Notes
Turn   | Place    | Note
-------+----------+-------------------------------------------
     0 | D:1      | rogsnak the Tengu Air Elementalist began the quest for the
                  | Orb.
     0 | D:1      | Reached XP level 1. HP: 10/10 MP: 4/4
   141 | D:1      | Reached XP level 2. HP: 8/15 MP: 3/6
   677 | D:2      | Reached XP level 3. HP: 19/19 MP: 1/7
  1191 | D:2      | Reached skill level 5 in Air Magic
  1196 | D:2      | Reached XP level 4. HP: 13/24 MP: 1/8
  1738 | D:3      | Found a faded altar of an unknown god.
  2474 | D:3      | Learned a level 4 spell: Airstrike
  2478 | D:3      | Learned a level 3 spell: Mephitic Cloud
  2515 | D:3      | Gained mutation: Your magical nature lets you fly swiftly
                  | and evasively. [Tengu growth]
  2515 | D:3      | Reached XP level 5. HP: 24/28 MP: 1/10
  2633 | D:4      | Found a radiant altar of Vehumet.
  2635 | D:4      | Found an iron altar of Okawaru.
  2916 | D:4      | Reached skill level 5 in Conjurations
  3074 | D:4      | Reached XP level 6. HP: 27/32 MP: 8/11
  3421 | D:4      | Found a basalt altar of Yredelemnul.
  4005 | D:4      | Reached XP level 7. HP: 30/36 MP: 2/13
  4191 | D:5      | Entered Level 5 of the Dungeon
  4294 | D:5      | Found a snail-covered altar of Cheibriados.
  4317 | D:5      | Found a runed translucent door.
  4321 | D:5      | Noticed bmack86's ghost (novice MiFi)
  4387 | D:5      | Found a bloodstained altar of Trog.
  4554 | D:5      | Found a white marble altar of Elyvilon.
  4555 | D:5      | Found a glowing silver altar of Zin.
  4555 | D:5      | Found a glowing golden altar of the Shining One.
  4743 | D:5      | Identified the +4 sling "Ethraa" {flame, rElec rN++ Int+4}
  4774 | D:5      | Reached skill level 6 in Air Magic
  4800 | D:5      | Learned a level 4 spell: Sticky Flame
  4865 | D:5      | Identified the +4 sling "Rummage" {speed, SInv}
  5349 | D:5      | Reached skill level 7 in Air Magic
  5349 | D:5      | Reached XP level 8. HP: 17/38 MP: 7/15
  5434 | D:5      | Upgraded the game from 0.30-a0-639-g3916f1956a to
                  | 0.30-a0-652-gcc886f7154
  5582 | D:6      | Noticed Eustachio
  5670 | D:5      | Killed Eustachio
  5671 | D:5      | Reached skill level 5 in Spellcasting
  5737 | D:6      | Reached skill level 8 in Air Magic
  6084 | D:6      | Found a shimmering blue altar of Sif Muna.
  6092 | D:6      | Became a worshipper of Sif Muna the Loreminder
  6589 | D:6      | Reached skill level 9 in Air Magic
  6790 | D:7      | Reached XP level 9. HP: 38/46 MP: 8/19
  7016 | D:7      | Found Amno's Antique Weapon Shop.
  7115 | D:7      | Reached * piety under Sif Muna
  7236 | D:7      | Found Gogo's General Store.
  7260 | D:7      | Found a staircase to the Ecumenical Temple.
  7449 | D:7      | Reached skill level 10 in Air Magic
  7856 | D:7      | Found a hazy altar of Hepliaklqana.
  8405 | D:8      | Reached skill level 11 in Air Magic
  8422 | D:8      | Learned a level 5 spell: Freezing Cloud
  8434 | D:8      | Found a flagged portal.
  8600 | Bailey   | Entered a bailey
  8621 | Bailey   | Reached ** piety under Sif Muna
  8622 | Bailey   | Reached XP level 10. HP: 51/51 MP: 16/22
  8638 | Bailey   | Reached skill level 10 in Conjurations
  9452 | Bailey   | Noticed Prince Ribbit
  9458 | Bailey   | Noticed a vault guard
  9461 | Bailey   | Killed a vault guard
  9462 | Bailey   | Reached skill level 12 in Air Magic
  9532 | Bailey   | Noticed a vault guard
  9545 | Bailey   | Killed a vault guard
  9556 | Bailey   | Killed Prince Ribbit
  9877 | D:8      | Found an ancient bone altar of Kikubaaqudgha.
 10055 | D:8      | Reached skill level 1 in Ice Magic
 10152 | D:8      | Found a shimmering altar of Xom.
 10157 | D:8      | Found a sparkling altar of Nemelex Xobeh.
 10190 | D:9      | Noticed a two-headed ogre
 10269 | D:9      | Noticed a two-headed ogre
 10342 | D:8      | Killed a two-headed ogre
 10343 | D:8      | Reached skill level 1 in Fire Magic
 10343 | D:8      | Reached skill level 13 in Air Magic
 10343 | D:8      | Reached XP level 11. HP: 52/55 MP: 8/25
 10635 | D:9      | Killed a two-headed ogre
 10635 | D:9      | Reached *** piety under Sif Muna
 10636 | D:9      | Reached skill level 1 in Armour
 10730 | D:9      | Found a staircase to the Lair.
 11190 | D:9      | Found an opulent altar of Gozag.
 11349 | D:9      | Identified the +2 leather armour of Protective Custody
                  | {rPois Str+5 Int-5}
 11540 | D:9      | Learned a level 5 spell: Iskenderun's Battlesphere
 11646 | D:10     | Entered Level 10 of the Dungeon
 11739 | D:10     | Found a staircase to the Orcish Mines.
 12018 | D:10     | Noticed Harold
 12215 | D:10     | Killed Harold
 12500 | D:10     | Reached skill level 10 in Spellcasting
 12733 | D:10     | Found a portal to a secret trove of treasure.
 13096 | D:11     | Identified 2 scrolls of acquirement
 13098 | D:11     | Acquired 424 gold pieces
 13099 | D:11     | Acquired the ring of Linearity {*Slow rElec rPois rF+++
                  | Int+3}
 13114 | D:11     | Reached skill level 14 in Air Magic
 13370 | D:11     | Noticed a manticore
 13370 | D:11     | Noticed a cyclops
 13379 | D:11     | Noticed a two-headed ogre
 13393 | D:11     | Killed a two-headed ogre
 13529 | D:11     | Killed a cyclops
 13529 | D:11     | Reached **** piety under Sif Muna
 13642 | D:11     | Killed a manticore
 13896 | D:11     | Noticed an obsidian statue
 13929 | D:11     | Noticed a skeletal warrior
 13976 | D:11     | Killed a skeletal warrior
 13977 | D:11     | Reached XP level 12. HP: 40/60 MP: 6/27
 14109 | D:11     | Noticed a two-headed ogre
 14121 | D:11     | Killed a two-headed ogre
 14307 | D:11     | Reached skill level 15 in Air Magic
 14687 | D:11     | Noticed an ice dragon
 14764 | D:11     | Noticed a boulder beetle
 14764 | D:11     | Noticed a two-headed ogre
 14849 | D:11     | Killed a two-headed ogre
 14982 | D:11     | Noticed a two-headed ogre
 14985 | D:11     | Killed a two-headed ogre
 15189 | D:11     | Noticed an ice dragon
 15293 | D:11     | Killed an ice dragon
 15654 | D:11     | Killed a boulder beetle
 15724 | D:11     | Reached skill level 16 in Air Magic
 16136 | D:11     | Noticed a boulder beetle
 16386 | D:11     | Noticed an ice dragon
 16410 | D:11     | Killed an ice dragon
 16524 | D:11     | Killed a boulder beetle
 17034 | D:12     | Reached XP level 13. HP: 64/64 MP: 8/30
 17337 | D:12     | Noticed Snorg
 17348 | D:12     | Killed Snorg
 17713 | D:12     | Reached skill level 17 in Air Magic
 18017 | D:12     | Reached skill level 1 in Fighting
 18589 | D:13     | Noticed Kirke
 18602 | D:13     | Killed Kirke
 19502 | D:13     | Noticed a jiangshi
 19502 | D:13     | Noticed a jiangshi
 19531 | D:13     | Killed a jiangshi
 19598 | D:12     | Learned a level 6 spell: Iron Shot
 19837 | D:13     | Mangled by a jiangshi

Illustrated notes

Levels and vault maps discovered:
D:1:      dpeg_arrival_shelter, layout_rooms
D:2:      layout_rooms
D:3:      layout_basic, shapermc_ecumenical_altar_gd
D:4:      layout_basic, lemuel_doored_altar, mainiacjoe_overflow_catwalk_spiral,
          grunt_ministairs_13, lightli_minifort
D:5:      minmay_inner_zag, layout_basic, dreamdust_divine_triumvirate,
          general_overflow_altar, trog_antimagical,
          hellmonk_ghost_happy_afterlife
D:6:      layout_rooms, mainiacjoe_overflow_cross_hatched,
          kennysheep_generic_room_8, uniq_eustachio
D:7:      layout_basic, mainiacjoe_overflow_alcove_1,
          minmay_temple_entry_drinking_statues, serial_shops,
          nicolae_stop_n_shop_2, nicolae_diamond_shop
D:8:      layout_rooms, mainiacjoe_overflow_big_doors,
          kiku_gazebo_garden_becter, enter_bailey_5
D:9:      layout_basic, grunt_gozag_breadcrumbs, dpeg_oklobed_lair
D:10:     layout_roguey, orc_0_dummy, enter_trove_3, uniq_harold
D:11:     minmay_the_grid_3x3 [minmay_the_grid_minigrid_small_alt,
          minmay_the_grid_aliased_spiral, minmay_the_grid_x,
          minmay_the_grid_expand, minmay_the_grid_dragon_a,
          minmay_the_grid_box_x, minmay_the_grid_stretched_grid,
          minmay_the_grid_outer_diamond, minmay_the_grid_prize_inner_circle],
          layout_loops_ring, minmay_protected_statue
D:12:     layout_rooms, minmay_more_statues, uniq_snorg
D:13:     layout_roguey, nicolae_nh_vlads_tower, uniq_kirke

Skill      XL: |  1  2  3  4  5  6  7  8  9 10 11 12 13 |
---------------+----------------------------------------+-----
Conjurations   | 2 3 4 5 6 7 8 9 11 12 13 14 | 14.7
Air Magic      | 5 7 9 11 13 14 16 17 | 17.7
Spellcasting   | 3 4 6 7 9 10 12 13 | 13.3
Dodging        | 3 |  3.8
Ice Magic      | 1 |  1.0
Fire Magic     | 1 2 |  2.8
Armour         | 2 3 |  3.2
Fighting       | 1 |  1.4
Stealth        | |  2.0
Evocations     | |  0.9

Action                   |  1- 3 |  4- 6 |  7- 9 | 10-12 | 13-15 || total
-------------------------+-------+-------+-------+-------+-------++-------
Melee: Dagger            |     5 |       |       |       |       ||     5
       Kick              |     5 |     2 |     9 |     7 |     5 ||    28
       Whip              |     5 |     5 |       |       |       ||    10
       Peck              |     3 |     2 |     7 |     3 |     2 ||    17
       Long sword        |     2 |       |       |       |       ||     2
       Staff             |       |     4 |    29 |    17 |     8 ||    58
       Punch             |       |       |     1 |       |       ||     1
       Sling             |       |       |       |       |     2 ||     2
 Fire: Sling             |       |       |       |     1 |     2 ||     3
 Cast: Shock             |    62 |   121 |   162 |   155 |    50 ||   550
       Airstrike         |       |     1 |    48 |   116 |    16 ||   181
       Mephitic Cloud    |       |       |     4 |    11 |    12 ||    27
       Freezing Cloud    |       |       |     2 |    36 |    18 ||    56
       Sticky Flame      |       |       |     2 |    23 |    17 ||    42
       Iskenderun's Batt |       |       |       |    32 |    28 ||    60
Evoke: Wand              |       |       |       |     3 |     2 ||     5
  Use: Scroll            |       |       |       |    22 |       ||    22
       Potion            |       |       |       |     1 |     4 ||     5
 Stab: Confused          |       |       |     1 |       |       ||     1
Armor: Robe              |     5 |     4 |    41 |     1 |       ||    51
       Leather armour    |       |       |       |    18 |       ||    18
       Acid dragon scale |       |       |       |     5 |       ||     5
       Troll leather arm |       |       |       |       |    16 ||    16
Dodge: Dodged            |    18 |    19 |    68 |    45 |    34 ||   184
Block: Buckler           |       |       |       |       |     1 ||     1

Table legend: (Time is in decaauts)
 A = Elapsed time spent in this place.
 B = Non-inter-level travel time spent in this place.
 C = Inter-level travel time spent in this place.
 D = Time resting spent in this place.
 E = Time spent auto-exploring this place.
 F = Levels seen in this place.
 G = Mean time per level.
                   A        B        C        D        E       F      G
               +--------+--------+--------+--------+--------+-----+--------+
         Total |  19121 |  18864 |    257 |   7920 |   4408 |  14 | 1365.8 |
       Dungeon |  18038 |  17781 |    257 |   7201 |   4353 |  13 | 1387.5 |
        Bailey |   1083 |   1083 |      0 |    718 |     54 |   1 | 1083.0 |
               +--------+--------+--------+--------+--------+-----+--------+

Top non-repeatable levels by time:
    D:11: 3436 daAuts
     D:5: 1601 daAuts
    D:10: 1565 daAuts
    D:12: 1497 daAuts
     D:4: 1476 daAuts
    D:13: 1378 daAuts
     D:6: 1228 daAuts
     D:3: 1207 daAuts
     D:8: 1168 daAuts
  Bailey: 1083 daAuts
     D:7: 1069 daAuts
     D:9: 1002 daAuts
     D:2: 739 daAuts
     D:1: 666 daAuts
